[Event "European Rapid Championship 2021"]
[Site "Katowice"]
[Date "2021.12.19"]
[Round "10.15"]
[White "Janeczko, Jakub"]
[Black "Zylka, Stanislaw"]
[Result "1-0"]
[ECO "B01"]
[WhiteElo "1900"]
[BlackElo "2367"]
[Annotator "NA"]
[PlyCount "109"]
[EventDate "2021.12.18"]
[EventType "swiss"]
[EventCountry "POL"]
[SourceTitle "playchess.com"]
[Source "ChessBase"]
[SourceQuality "1"]
[TimeControl "900+10"]

1. e4 d5 2. exd5 Qxd5 3. Nc3 Qa5 4. d4 Nf6 5. Bd2 Bg4 6. Be2 Bxe2 7. Qxe2 Nc6 8. Nf3 O-O-O 9. Nb5 Qb6 10. Ng5 Nxd4 11. Nxd4 Rxd4 12. Be3 Qa5+ 13. c3 Rg4 14. Nxf7 Rg8 15. O-O-O b6 16. Qf3 Re4 17. Rd8+ Kb7 18. Ng5 Qxa2 19. Nxe4 Qa1+ 20. Kc2 Qa4+ 21. Kb1 Qxe4+ 22. Qxe4+ Nxe4 23. Rhd1 Nd6 24. Bf4 e5 25. Bxe5 Nf7 26. Re8 Nxe5 27. Rxe5 Bd6 28. Re4 Rf8 29. f3 a5 30. Rd5 Kc6 31. Rh5 h6 32. Kc2 Kd7 33. Kd3 Kc6 34. Kc4 Rf7 35. b4 axb4 36. cxb4 Rd7 37. b5+ Kb7 38. Re6 Bc5 39. Rd5 Bd6 40. f4 Rf7 41. g3 Kc8 42. f5 Kd7 43. g4 Rf8 44. h4 Kc8 45. g5 hxg5 46.
hxg5 Rh8 47. Rg6 Rh7 48. Rdxd6 cxd6 49. Kd5 Kc7 50. Ke6 Kd8 51. Kxd6 Ke8 52. Re6+ Kf8 53. g6 Rh1 54. Kc7 Rf1 55. Re5 1-0

[Event "European Rapid Championship 2021"]
[Site "Katowice"]
[Date "2021.12.19"]
[Round "10.16"]
[White "Ortega Ruiz, Jose Miguel"]
[Black "Kozlowski, Michal"]
[Result "1-0"]
[ECO "E18"]
[WhiteElo "2150"]
[BlackElo "2047"]
[Annotator "NA"]
[PlyCount "71"]
[EventDate "2021.12.18"]
[EventType "swiss"]
[EventCountry "POL"]
[SourceTitle "playchess.com"]
[Source "ChessBase"]
[SourceQuality "1"]
[TimeControl "900+10"]

1. d4 Nf6 2. c4 e6 3. Nf3 b6 4. g3 Bb7 5. Bg2 Be7 6. O-O O-O 7. Nc3 c5 8. d5 d6 9. dxe6 fxe6 10. Bh3 e5 11. Ng5 Qe8 12. Nb5 Nc6 13. Nc7 Qh5 14. Nxa8 Nd4 15. f3 Bxa8 16. e3 Nxf3+ 17. Rxf3 Qxg5 18. Rf5 Qg6 19. Qf1 Be4 20. Rf2 Bd3 21. Be6+ Kh8 22. Qh3 Ne4 23. Rxf8+ Bxf8 24. Qf5 Be7 25. Qxg6 hxg6 26. b3 Bg5 27. h4 Bf6 28. Kg2 g5 29. hxg5 Bxg5 30. Bb2 g6 31. Bd5 Nf6 32. Bf3 Bxe3 33. Rd1 e4 34. Bxf6+ Kg8 35. Bg4 Kf7 36. Bc3 1-0

[Event "European Rapid Championship 2021"]
[Site "Katowice"]
[Date "2021.12.19"]
[Round "10.17"]
[White "Schneider, Ilja"]
[Black "Kos, Pawel"]
[Result "1-0"]
[ECO "C60"]
[WhiteElo "2490"]
[BlackElo "2199"]
[Annotator "ChessBase"]
[PlyCount "97"]
[EventDate "2021.12.18"]
[EventType "swiss"]
[EventCountry "POL"]
[SourceTitle "playchess.com"]
[Source "ChessBase"]
[SourceQuality "1"]
[TimeControl "900+10"]

1. e4 e5 2. Nf3 Nc6 3. Bb5 g6 4. c3 a6 5. Ba4 d6 6. d4 b5 7. Bb3 Bg7 8. dxe5 dxe5 9. Nbd2 Nf6 10. a4 Bb7 11. Qe2 O-O 12. O-O Na5 13.
Bc2 b4 14. Nxe5 Qe7 15. Ndf3 Rfe8 16. cxb4 Qxb4 17. Bd2 Qb6 18. b4 Nc6 19. Be3 Qxb4 20. Rab1 Qe7 21. Nxf7 Na5 22. N7e5 Bxe4 23. Rfc1 Bxc2 24. Qxc2 Nd5 25. Qa2 Qe6 26. Bd2 Bxe5 27. Bxa5 Bd6 28. Re1 Qf7 29. Qc4 Nf4 30. Qc6 h6 31. Bd2 Rf8 32. Bxf4 Qxf4 33. Re4 Qf7 34. Rbe1 a5 35. h4 Rab8 36. Qa6 Ra8 37. Qd3 Qf5 38. Qe3 Kg7 39. Nd4 Qd5 40. Ne6+ Kh7 41. Nxf8+ Rxf8 42. Qd4 Qf5 43. R1e2 Bc5 44. Qd2 Bd6 45. R4e3 Qg4 46. Re7+ Bxe7 47. Rxe7+ Kg8 48. Qa2+ Kh8 49. Qa1+ 1-0

[Event "European Rapid Championship 2021"]
[Site "Katowice"]
[Date "2021.12.19"]
[Round "10.17"]
[White "Galuszka, Tomasz"]
[Black "Bogdanov, Ignat"]
[Result "1/2-1/2"]
[ECO "C03"]
[WhiteElo "1886"]
[BlackElo "2058"]
[Annotator "NA"]
[PlyCount "48"]
[EventDate "2021.12.18"]
[EventType "swiss"]
[EventCountry "POL"]
[SourceTitle "playchess.com"]
[Source "ChessBase"]
[SourceQuality "1"]
[TimeControl "900+10"]

1. e4 e6 2. d4 d5 3. Nd2 dxe4 4. Nxe4 Nf6 5. Bd3 Nxe4 6. Bxe4 c5 7. Nf3 Nc6 8. dxc5 Qxd1+ 9. Kxd1 Bxc5 10. Be3 Bxe3 11. Bxc6+ bxc6 12. fxe3 f6 13. Kd2 e5 14. Kc3 Be6 15. Nd2 O-O-O 16. Nb3 Rd6 17. Rhd1 Rhd8 18. Rxd6 Rxd6 19. Nc5 Kc7 20. b4 f5 21. a4 Bd5 22. Rf1 Rf6 23. g3 Kd6 24. Kd3 Be4+ 1/2-1/2

[Event "European Rapid Championship 2021"]
[Site "Katowice"]
[Date "2021.12.19"]
[Round "10.18"]
[White "Dragnev, Valentin"]
[Black "Sanz Wawer, Daniel"]
[Result "1-0"]
[ECO "B11"]
[WhiteElo "2409"]
[BlackElo "2371"]
[Annotator "NA"]
[PlyCount "127"]
[EventDate "2021.12.18"]
[EventType "swiss"]
[EventCountry "POL"]
[SourceTitle "playchess.com"]
[Source "ChessBase"]
[SourceQuality "1"]
[TimeControl "900+10"]

1. e4 c6 2. Nc3 d5 3. Nf3 Bg4 4. h3 Bxf3 5. Qxf3 Nf6 6. Be2 e6 7. O-O Be7 8. Rd1 d4 9. Nb1 O-O 10. d3 e5 11. Qg3 Nbd7 12. Nd2 b5 13.
Nf3 Qb8 14. Nh4 Re8 15. Nf5 g6 16. Nxe7+ Rxe7 17. Bg5 Re8 18. Rf1 Qb6 19. Qh4 Kg7 20. Bh6+ Kh8 21. Bg5 Kg7 22. Bh6+ Kh8 23. Kh1 Ng8 24. Bd2 f6 25. c3 c5 26. cxd4 cxd4 27. f4 exf4 28.
Qxf4 Ne5 29. Rac1 Rac8 30. Qf2 Qd6 31. Bf4 Kg7 32. Bh2 Ne7 33.
a3 Rxc1 34. Rxc1 Rc8 35. Rxc8 Nxc8 36. Bg1 Nc6 37. Bg4 Nb6 38. Qc2 Na4 39. Qb3 a6 40. Qd5 Qxd5 41. exd5 Ne7 42. d6 Nc6 43. Bf3 Ne5 44. Bxd4 Nd7 45. Bc6 Nac5 46. b4 Ne6 47. Be3 Nb8 48. Bb7 Nd8 49. Bc8 Ndc6 50. Bb6 Kf7 51. Bc7 Ke8 52. d4 Nd7 53. d5 Ncb8 54. Kg1 Kf7 55. Kf2 Ke8 56. Ke3 Kf7 57. Kd4 Ke8 58. Kc3 h6 59. Kb3 Kf7 60. a4 bxa4+ 61. Kxa4 f5 62. Ka5 f4 63. Bxb8 Nxb8 64. Kb6 1-0

[Event "European Rapid Championship 2021"]
[Site "Katowice"]
[Date "2021.12.19"]
[Round "10.18"]
[White "Krawczyk, Wojciech"]
[Black "Batashevs, Arsens"]
[Result "1/2-1/2"]
[ECO "A43"]
[WhiteElo "1868"]
[BlackElo "2165"]
[Annotator "NA"]
[PlyCount "139"]
[EventDate "2021.12.18"]
[EventType "swiss"]
[EventCountry "POL"]
[SourceTitle "playchess.com"]
[Source "ChessBase"]
[SourceQuality "1"]
[TimeControl "900+10"]

1. c4 g6 2. d4 Bg7 3. Nc3 c5 4. d5 Bxc3+ 5. bxc3 f5 6. Nf3 Qa5 7. Bd2 Nf6 8. e3 d6 9. Bd3 Nbd7 10. O-O Nb6 11. Re1 Qa6 12. Qe2 Ne4 13.
a4 Bd7 14. a5 Na4 15. Bxe4 fxe4 16. Ng5 Nb2 17. Nxe4 Qxc4 18. Qxc4 Nxc4 19. Bc1 O-O 20. Nd2 Ne5 21. Rb1 Rfb8 22. e4 b6 23. axb6 axb6 24. g3 Ra2 25. Re3 Rba8 26. f4 Ng4 27. Re1 b5 28. e5 Rc2 29. Rb2 Rxb2 30.
Bxb2 Ra2 31. Bc1 Bf5 32. h3 Nh6 33. g4 Bd3 34. exd6 exd6 35. Ne4 Bxe4 36. Rxe4 Ra1 37. Re1 Kf7 38. Kf2 Ng8 39. f5 gxf5 40.
gxf5 Ne7 41. Bf4 Rxe1 42. Kxe1 Nxd5 43. Bxd6 c4 44. Be5 Ne3 45. f6 Nd5 46. Kf2 Nxf6 47. Kf3 Ke6 48. Bg3 Kf5 49. Ke3 Ne4 50. Be1 Ke5 51. h4 h5 52. Kf3 b4 53. cxb4 Kd4 54. b5 Nd6 55.
b6 Kc5 56. Bf2+ Kb5 57. Kf4 c3 58. Be3 Kc6 59. Kg5 Nc4 60.
Bc1 Kxb6 61. Kxh5 Kc5 62.
Kg5 Kd5 63. h5 Ne5 64. Kf5 Nf7 65. Kf6 Ne5 66. h6 Ng4+ 67. Kg7 Nxh6 68. Bxh6 c2 69. Kh7 c1=Q 70. Bxc1 1/2-1/2

[Event "European Rapid Championship 2021"]
[Site "Katowice"]
[Date "2021.12.19"]
[Round "10.19"]
[White "Danielyan, Vahe"]
[Black "Kjartansson, Gudmundur"]
[Result "0-1"]
[ECO "B10"]
[WhiteElo "2198"]
[BlackElo "2402"]
[Annotator "NA"]
[PlyCount "78"]
[EventDate "2021.12.18"]
[EventType "swiss"]
[EventCountry "POL"]
[SourceTitle "playchess.com"]
[Source "ChessBase"]
[SourceQuality "1"]
[TimeControl "900+10"]

1. e4 c6 2. Nc3 d5 3. Nf3 dxe4 4. Nxe4 Nf6 5. Ng3 h5 6. Bc4 h4 7. Nf1 h3 8. g3 Nbd7 9. Ne3 b5 10. Be2 Bb7 11. a4 a6 12. b3 g6 13. Bb2 Bg7 14. O-O Qb6 15. d4 O-O 16. a5 Qc7 17. b4 Rad8 18. c4 bxc4 19. Qc2 Nd5 20.
Qxc4 Qd6 21. Rac1 e5 22. Nxd5 cxd5 23. Qc7 Qxb4 24. Bc3 Qe7 25. Qxb7 exd4 26. Bb4 Qxe2 27. Ng5 Rb8 28. Qxd7 Rxb4 29. Rc8 Rxc8 30. Qxf7+ Kh8 31. Qxg6 Qc2 32. Nf7+ Kg8 33.
Nh6+ Kh8 34. Nf7+ Kg8 35. Nh6+ Kh8 36. Nf5 Rb7 37. Re1 Qe4 38. Qh5+ Kg8 39. Rf1 Qg2# 0-1

[Event "European Rapid Championship 2021"]
[Site "Katowice"]
[Date "2021.12.19"]
[Round "10.19"]
[White "Nemec, Jachym"]
[Black "Malik, Maciej"]
[Result "0-1"]
[ECO "E71"]
[WhiteElo "2115"]
[BlackElo "1849"]
[Annotator "NA"]
[PlyCount "64"]
[EventDate "2021.12.18"]
[EventType "swiss"]
[EventCountry "POL"]
[SourceTitle "playchess.com"]
[Source "ChessBase"]
[SourceQuality "1"]
[TimeControl "900+10"]

1. d4 Nf6 2. c4 g6 3. Nc3 Bg7 4. e4 d6 5. h3 O-O 6. Be3 Nbd7 7. Nf3 e5 8. d5 a5 9. g4 Nc5 10. Nd2 Ne8 11. Be2 f5 12. gxf5 gxf5 13. Qc2 f4 14. Bxc5 dxc5 15. Bg4 Bxg4 16. hxg4 f3 17. O-O-O Nd6 18. Rh5 Qf6 19. Nb5 Rac8 20. Nxd6 cxd6 21. Rdh1 Qg6 22. g5 Rf4 23. Qb3 Rc7 24. Qb6 Rcf7 25. Rxh7 Qxg5 26. R7h5 Qg6 27. a3 Rg4 28. Qd8+ Rf8 29. Qd7 Rf7 30. Qc8+ Rf8 31. Qxb7 Rg2 32. R5h2 Rxh2 0-1

[Event "European Rapid Championship 2021"]
[Site "Katowice"]
[Date "2021.12.19"]
[Round "10.20"]
[White "Semjonovs, Ilja"]
[Black "Nasuta, Grzegorz"]
[Result "1-0"]
[ECO "D03"]
[WhiteElo "2383"]
[BlackElo "2345"]
[Annotator "NA"]
[PlyCount "140"]
[EventDate "2021.12.18"]
[EventType "swiss"]
[EventCountry "POL"]
[SourceTitle "playchess.com"]
[Source "ChessBase"]
[SourceQuality "1"]
[TimeControl "900+10"]

1. d4 d5 2. Nf3 Nf6 3. Bg5 Ne4 4. Bf4 c5 5. c3 e6 6. e3 Nc6 7. Nbd2 Nxd2 8. Qxd2 Bd6 9. Bg3 O-O 10. Bd3 Qe7 11. O-O Bxg3 12. hxg3 e5 13. dxe5 Nxe5 14. Be2 Rd8 15. Nxe5 Qxe5 16. Bf3 Be6 17. Rfd1 g5 18. Qc2 Kg7 19. Rd2 Rd7 20. Rad1 Rad8 21. Qa4 b6 22. Qa3 h5 23. b4 c4 24. Rd4 g4 25. Be2 f5 26. Qa4 Qc7 27. Rf4 Kf6 28.
Qc2 Qe5 29. Rfd4 Rc8 30. Qa4 Rh8 31. Bxc4 h4 32. gxh4 Rdh7 33. Bxd5 Rxh4 34. Kf1 Rh1+ 35. Ke2 Rxd1 36. Qxd1 Bxd5 37. Rxd5 Qxc3 38. Qd4+ Qxd4 39. Rxd4 Rc8 40.
Kd2 Rc7 41. f3 gxf3 42. gxf3 Ke5 43. Rd8 Rh7 44. f4+ Ke6 45. Kc3 Rh2 46. a4 Ra2 47. Kb3 Re2 48. Re8+ Kf6 49. Kc4 Ra2 50. Kb3 Re2 51. Re5 Re1 52. Kc4 Rb1 53. a5 bxa5 54. Rxa5 Rc1+ 55. Kb5 Rc7 56. Ka6 Re7 57. b5 Rxe3 58. Kxa7 Re4 59. b6 Rxf4 60. Rb5 Ra4+ 61. Kb7 f4 62. Kc6 Rc4+ 63. Rc5 Rb4 64. b7 f3 65. Rc3 f2 66. Rf3+ Ke6 67. Rxf2 Rc4+ 68. Kb5 Rc1 69. Rb2 Rb1 70. Rxb1 Kd5 1-0

[Event "European Rapid Championship 2021"]
[Site "Katowice"]
[Date "2021.12.19"]
[Round "10.20"]
[White "Kubicka, Anna"]
[Black "Warchol, Kamil"]
[Result "1-0"]
[ECO "B20"]
[WhiteElo "2273"]
[BlackElo "1976"]
[Annotator "NA"]
[PlyCount "131"]
[EventDate "2021.12.18"]
[EventType "swiss"]
[EventCountry "POL"]
[SourceTitle "playchess.com"]
[Source "ChessBase"]
[SourceQuality "1"]
[TimeControl "900+10"]

1. e4 c5 2. Ne2 e6 3. g3 d5 4. Bg2 dxe4 5. Bxe4 Nf6 6. Bg2 Bd6 7. O-O O-O 8.
Nbc3 a6 9. d4 Qc7 10. Bg5 Nbd7 11. h3 h6 12. Be3 Rb8 13. a4 c4 14. a5 b5 15. axb6 Nxb6 16. Nf4 Bb7 17. Nh5 Nxh5 18. Qxh5 Bxg2 19. Kxg2 Qc6+ 20. Qf3 Nd5 21. Rfb1 Rb7 22. Bc1 Rd8 23. Ra5 Bb4 24. Nxd5 exd5 25. Ra2 Qg6 26. Rba1 Qxc2 27. Rxa6 c3 28. bxc3 Bxc3 29. Ra8 Rbd7 30. Rxd8+ Rxd8 31. Ra7 Bxd4 32. Qxf7+ Kh7 33.
Rc7 Qe4+ 34. Qf3 Qxf3+ 35. Kxf3 Rf8+ 36. Bf4 Kg8 37. Kg2 g5 38. Be3 Bxe3 39. fxe3 Re8 40. Kf3 Re5 41. Rd7 Kh8 42. g4 Kg8 43. Ke2 Kh8 44. Kd3 Kg8 45. Kd2 Kh8 46. Ke2 Kg8 47. Kd3 Kh8 48. Rf7 Kg8 49. Rf3 Re7 50. Kd4 Rd7 51. Rf5 Ra7 52. Rxd5 Ra1 53. Rf5 Rh1 54. Rf3 Kg7 55. e4 Kg6 56. e5 Rd1+ 57.
Kc5 Rd2 58. e6 h5 59. gxh5+ Kxh5 60. e7 Re2 61. Kd6 Kh4 62. Kd7 Rd2+ 63. Ke8 Ra2 64. Kf8 Ra8+ 65. e8=Q Rxe8+ 66. Kxe8 1-0

[Event "European Rapid Championship 2021"]
[Site "Katowice"]
[Date "2021.12.19"]
[Round "10.21"]
[White "Mirski, Michal"]
[Black "Froewis, Annika"]
[Result "1-0"]
[ECO "C50"]
[WhiteElo "1852"]
[BlackElo "2079"]
[Annotator "NA"]
[PlyCount "75"]
[EventDate "2021.12.18"]
[EventType "swiss"]
[EventCountry "POL"]
[SourceTitle "playchess.com"]
[Source "ChessBase"]
[SourceQuality "1"]
[TimeControl "900+10"]

1. e4 e5 2. Nf3 Nc6 3. Bc4 Bc5 4. O-O Nf6 5. d3 d6 6. c3 a6 7. Bb3 Ba7 8. Nbd2 O-O 9. Re1 Ne7 10. Nf1 Ng6 11. Ng3 Be6 12. Bg5 h6 13.
Be3 Re8 14. Bxe6 fxe6 15. Bxa7 Rxa7 16. d4 exd4 17. cxd4 c5 18. Rc1 b6 19. e5 dxe5 20. dxc5 Rd7 21. Qc2 Nf4 22. c6 Rd5 23. c7 Qc8 24. Nxe5 Re7 25. Qa4 g5 26. Nc6 Re8 27. Na7 Qb7 28.
Qxe8+ Nxe8 29. c8=Q Qxc8 30. Rxc8 Kf7 31. Rc6 Nd3 32. Rf1 Rd7 33. Nc8 Nxb2 34. Rxb6 Nc4 35. Rxa6 Kf6 36. a4 Nd2 37. Re1 Nc7 38. Rd6 1-0

[Event "European Rapid Championship 2021"]
[Site "Katowice"]
[Date "2021.12.19"]
[Round "10.22"]
[White "Solys, Laimutis"]
[Black "Druckenthaner, Andreas"]
[Result "1-0"]
[ECO "B00"]
[WhiteElo "2300"]
[BlackElo "2291"]
[Annotator "NA"]
[PlyCount "65"]
[EventDate "2021.12.18"]
[EventType "swiss"]
[EventCountry "POL"]
[SourceTitle "playchess.com"]
[Source "ChessBase"]
[SourceQuality "1"]
[TimeControl "900+10"]

1. e4 Nc6 2. Nf3 d6 3. d4 Nf6 4. Nc3 g6 5. h3 Bg7 6. Be3 O-O 7. Qd2 a6 8. a4 a5 9. d5 Nb4 10. Bc4 Re8 11. O-O e6 12. Bg5 e5 13.
Rae1 Qe7 14. Nh2 Qf8 15. Nb5 Na6 16. f3 Nd7 17. b3 f5 18.
Qxa5 Nb6 19. Nxc7 Nxc4 20. bxc4 Nxc7 21. Qxc7 Rxa4 22. c5 Rc4 23. Qxd6 Rxc5 24. Qb6 Rxc2 25. Rc1 Rxc1 26. Rxc1 Bh6 27. Bxh6 Qxh6 28. Rc7 Qf8 29. Nf1 fxe4 30. fxe4 Re7 31. Ne3 Qd8 32. d6 Re6 33. Rg7+ 1-0

[Event "European Rapid Championship 2021"]
[Site "Katowice"]
[Date "2021.12.19"]
[Round "10.22"]
[White "Rigopoulos-Tsigkos, Alexandros"]
[Black "Rudecki, Bartosz"]
[Result "1/2-1/2"]
[ECO "C63"]
[WhiteElo "2076"]
[BlackElo "1820"]
[Annotator "NA"]
[PlyCount "48"]
[EventDate "2021.12.18"]
[EventType "swiss"]
[EventCountry "POL"]
[SourceTitle "playchess.com"]
[Source "ChessBase"]
[SourceQuality "1"]
[TimeControl "900+10"]

1. e4 e5 2. Nf3 Nc6 3. Bb5 f5 4. d3 fxe4 5. dxe4 Nf6 6. Bg5 Bc5 7. Bxc6 bxc6 8. O-O d6 9. h3 O-O 10. Nbd2 Qe8 11. Bxf6 Rxf6 12. Nb3 Bb6 13. Qd3 Qg6 14. Kh2 Be6 15. c4 Raf8 16. Nxe5 Qg5 17. Nxc6 Rf3 18. gxf3 Qf4+ 19. Kg2 Bxh3+ 20. Kxh3 Qh6+ 21. Kg2 Qg5+ 22. Kh2 Qh4+ 23. Kg2 Qg5+ 24. Kh3 Qh5+ 1/2-1/2

[Event "European Rapid Championship 2021"]
[Site "Katowice"]
[Date "2021.12.19"]
[Round "10.23"]
[White "Kozak, Antoni"]
[Black "Pacuszka, Tomasz"]
[Result "1-0"]
[ECO "A44"]
[WhiteElo "2356"]
[BlackElo "2193"]
[Annotator "NA"]
[PlyCount "53"]
[EventDate "2021.12.18"]
[EventType "swiss"]
[EventCountry "POL"]
[SourceTitle "playchess.com"]
[Source "ChessBase"]
[SourceQuality "1"]
[TimeControl "900+10"]

1. d4 c5 2. d5 e5 3. e4 d6 4. Bb5+ Bd7 5. a4 a6 6. Bxd7+ Nxd7 7. Nc3 Ngf6 8.
Nf3 Be7 9. O-O O-O 10. Nd2 Ne8 11. a5 Nc7 12. Nc4 Nb5 13. Qd3 Nxc3 14. bxc3 g6 15. f4 exf4 16. Bxf4 Nf6 17. Rab1 Rb8 18. e5 Nh5 19. exd6 Bg5 20. Bxg5 Qxg5 21. Rbe1 Rbe8 22. Rxe8 Rxe8 23. d7 Rd8 24. Nb6 Kg7 25. Qe4 h6 26. h4 Ng3 27. Rxf7+ 1-0

[Event "European Rapid Championship 2021"]
[Site "Katowice"]
[Date "2021.12.19"]
[Round "10.23"]
[White "Koubova, Anna Marie"]
[Black "Brzezinski, Mateusz"]
[Result "0-1"]
[ECO "D80"]
[WhiteElo "1837"]
[BlackElo "2187"]
[Annotator "NA"]
[PlyCount "82"]
[EventDate "2021.12.18"]
[EventType "swiss"]
[EventCountry "POL"]
[SourceTitle "playchess.com"]
[Source "ChessBase"]
[SourceQuality "1"]
[TimeControl "900+10"]

1. d4 Nf6 2. c4 g6 3. Nc3 d5 4. Bg5 Bg7 5. Bxf6 Bxf6 6. Nxd5 Bg7 7. Nf3 c5 8. e3 Nc6 9. Be2 e6 10. Nc3 cxd4 11. exd4 Nxd4 12. Nxd4 Bxd4 13. O-O O-O 14. Bf3 Rb8 15. Nb5 Bc5 16. Qe2 a6 17. Qe5 Bd7 18. Qxc5 axb5 19. cxb5 b6 20. Qb4 Qg5 21. Bc6 Rfd8 22. Rac1 e5 23. f4 Qh4 24. Bd5 Be8 25. Qc4 e4 26. Bxe4 Qf6 27. Bc6 Qxb2 28. f5 g5 29. f6 Rd2 30. Qg4 h6 31. h4 Rd4 32. Be4 Qd2 33.
Rce1 Bd7 34. Qh5 g4 35. Qe5 Re8 36. Qf4 Qxf4 37. Rxf4 g3 38.
a4 Rxa4 39. Kf1 Bxb5+ 40. Kg1 Bc6 41. Rg4+ Kf8 0-1

[Event "European Rapid Championship 2021"]
[Site "Katowice"]
[Date "2021.12.19"]
[Round "10.24"]
[White "Grochol, Kamil"]
[Black "Praczukowski, Stanislaw"]
[Result "0-1"]
[ECO "D00"]
[WhiteElo "1994"]
[BlackElo "2082"]
[Annotator "NA"]
[PlyCount "118"]
[EventDate "2021.12.18"]
[EventType "swiss"]
[EventCountry "POL"]
[SourceTitle "playchess.com"]
[Source "ChessBase"]
[SourceQuality "1"]
[TimeControl "900+10"]

1. d4 d5 2. Bf4 Nf6 3. e3 c5 4. c3 Nc6 5. Nd2 cxd4 6. exd4 Bf5 7. Ngf3 e6 8. Qb3 Qc8 9. Nh4 Be4 10. Nxe4 dxe4 11. Be2 h6 12. g3 Be7 13. Ng2 O-O 14. O-O Rd8 15. Rad1 Qd7 16. h4 Rac8 17. Rfe1 Bd6 18. Bxd6 Qxd6 19. Ne3 Rb8 20. Nc4 Qc7 21. a4 Na5 22. Nxa5 Qxa5 23. Qb5 Qc7 24. a5 Rd5 25. Qb3 e3 26. Bf3 exf2+ 27. Kxf2 Rxa5 28. Re2 Rf5 29. Kg2 Nh5 30. Bxh5 Rxh5 31. Rf1 Qc6+ 32. Kg1 Rb5 33. Qd1 Rd8 34. Ref2 Rd7 35. Qd3 Rbd5 36. Qf3 Qd6 37. Kg2 Rf5 38. Qe4 Qd5 39. Qxd5 Rxf2+ 40. Kxf2 Rxd5 41. Ke3 Ra5 42. c4 Kf8 43. Rd1 Ke7 44. Kd3 a6 45. Kc3 Rf5 46. Rd3 f6 47. Kb4 g5 48. hxg5 hxg5 49. c5 Kd7 50. Ka5 Kc6 51. Rb3 e5 52. Rb6+ Kc7 53.
d5 e4 54. d6+ Kc8 55. b4 e3 56. d7+ Kxd7 57. Rxb7+ Kc8 58. Kxa6 e2 59. Re7 Re5 0-1

[Event "European Rapid Championship 2021"]
[Site "Katowice"]
[Date "2021.12.19"]
[Round "10.24"]
[White "Rudzinska, Michalina"]
[Black "Kowalski, Igor"]
[Result "0-1"]
[ECO "C03"]
[WhiteElo "1962"]
[BlackElo "2295"]
[Annotator "NA"]
[PlyCount "62"]
[EventDate "2021.12.18"]
[EventType "swiss"]
[EventCountry "POL"]
[SourceTitle "playchess.com"]
[Source "ChessBase"]
[SourceQuality "1"]
[TimeControl "900+10"]

1. e4 e6 2. d4 d5 3. Nd2 Be7 4. e5 c5 5. c3 Nc6 6. Ndf3 Qb6 7. Bd3 Bd7 8.
Ne2 cxd4 9. cxd4 Bb4+ 10. Kf1 f5 11. h4 Nd8 12. Nf4 Nf7 13.
Be3 Ngh6 14. Ng5 Be7 15. Nfh3 Nxg5 16. Nxg5 Ng4 17. Be2 Nxe3+ 18. fxe3 Bxg5 19. hxg5 O-O 20. Qe1 g6 21. Rh6 Rac8 22. Qh4 Rf7 23. Kf2 Rc2 24. Rh1 Qa6 25. Re1 Bb5 26. Kg3 Rxe2 27. Rh1 Rxe3+ 28. Kf2 Re2+ 29. Kf3 Bd7 30. Rxg6+ Kf8 31. Qh6+ Ke7 0-1

[Event "European Rapid Championship 2021"]
[Site "Katowice"]
[Date "2021.12.19"]
[Round "10.25"]
[White "Wisniewski, Adrian"]
[Black "Kowalczyk, Mariusz"]
[Result "0-1"]
[ECO "B00"]
[WhiteElo "2351"]
[BlackElo "2047"]
[Annotator "NA"]
[PlyCount "106"]
[EventDate "2021.12.18"]
[EventType "swiss"]
[EventCountry "POL"]
[SourceTitle "playchess.com"]
[Source "ChessBase"]
[SourceQuality "1"]
[TimeControl "900+10"]

1. e4 d6 2. d4 c6 3. Nf3 Qc7 4. e5 dxe5 5. dxe5 Bg4 6. Qd4 Bxf3 7.
gxf3 Nd7 8. f4 e6 9. Nc3 Bc5 10. Qc4 Ne7 11. Ne4 b5 12. Qe2 Nd5 13. Be3 Be7 14. O-O-O Qa5 15. Kb1 Qb4 16. Bd2 Qa4 17. Bg2 N7b6 18. Nc3 Qc4 19. Bxd5 cxd5 20. Qxc4 bxc4 21. Be3 Rb8 22. f5 Bb4 23. Ne2 g6 24. fxe6 fxe6 25. h4 Kf7 26. h5 Be7 27. hxg6+ hxg6 28. b3 cxb3 29. axb3
Rbc8 30. Nf4 Nd7 31. Nd3 a5 32. Rdg1 Bb4 33. f4 Bc3 34. Rxh8 Rxh8 35. Nc1 d4 36. Bf2 Rh2 37. Rf1 Nc5 38. Bg1 Rg2 39. Na2 Ne4 40. Kc1 Bd2+ 41. Kd1 Bc3 42. Nxc3 Nxc3+ 43. Kc1 Rxg1 44. Rxg1 Ne2+ 45. Kd2 Nxg1 46. Kd3 Nh3 47. Kxd4 Nxf4 48. Kc5 g5 49. Kb6 g4 50. c4 g3 51. c5 g2 52. c6 g1=Q+ 53. Kb7 Nd5 0-1

[Event "European Rapid Championship 2021"]
[Site "Katowice"]
[Date "2021.12.19"]
[Round "10.25"]
[White "Krzywda, Andrzej"]
[Black "Diermair, Andreas"]
[Result "1-0"]
[ECO "C60"]
[WhiteElo "2123"]
[BlackElo "2408"]
[Annotator "NA"]
[PlyCount "145"]
[EventDate "2021.12.18"]
[EventType "swiss"]
[EventCountry "POL"]
[SourceTitle "playchess.com"]
[Source "ChessBase"]
[SourceQuality "1"]
[TimeControl "900+10"]

1. e4 e5 2. Nf3 Nc6 3. Bb5 Nge7 4. d4 exd4 5. Nxd4 g6 6.
Nxc6 Nxc6 7. Nc3 Bg7 8. Be3 a6 9. Be2 O-O 10. Qd2 d6 11. O-O Re8 12. Bh6 Bh8 13. f4 Nd4 14. Bd3 c6 15. f5 d5 16. Qf2 Qc7 17. f6 dxe4 18.
Nxe4 c5 19. Ng5 Bf5 20. Bc4 Ne6 21. Bxe6 Bxe6 22. Qh4 Qe5 23. Rae1 Qd5 24. Rd1 Qc4 25. Rf4 Qxc2 26. Rdf1 Bd5 27. R4f2 Re2 28. Bg7 h5 29. Bxh8 Kxh8 30. Qf4 Kg8 31. Nxf7 Rxf2 32. Rxf2 Qd1+ 33. Rf1 Qd4+ 34. Qxd4 cxd4 35. Ne5 Bxa2 36. Nxg6 d3 37. Ne5 d2 38. Rd1 Rd8 39. Nf3 Kf7 40. Kf2 Kxf6 41. Rxd2 Rxd2+ 42. Nxd2 Bd5 43. g3 Kf5 44. Nf1 Ke4 45. Ne3 Be6 46. Ng2 a5 47. Nf4 Bf7 48. Ke2 b5 49. Kd2 b4 50. Nd3 Be8 51. Nf4 Kd4 52. Ne6+ Kc4 53.
h3 Kb3 54. Kc1 a4 55. g4 Ka2 56. Nd4 b3 57. Ne2 a3 58. Nc3+ Ka1 59. bxa3 b2+ 60. Kd2 h4 61. g5 Bd7 62. g6 Bxh3 63. a4 Bg2 64. g7 Bd5 65.
Nxd5 b1=Q 66. g8=Q Qa2+ 67. Kd3 Qb3+ 68. Kd2 Qa2+ 69. Ke3 Qb3+ 70. Kf2 Qa2+ 71. Kg1 Qb1+ 72. Kh2 Qb2+ 73. Kh1 1-0

[Event "European Rapid Championship 2021"]
[Site "Katowice"]
[Date "2021.12.19"]
[Round "10.26"]
[White "Kalogeris, Ioannis"]
[Black "Jedrusik, Adam"]
[Result "1-0"]
[ECO "B18"]
[WhiteElo "2357"]
[BlackElo "1769"]
[Annotator "NA"]
[PlyCount "123"]
[EventDate "2021.12.18"]
[EventType "swiss"]
[EventCountry "POL"]
[SourceTitle "playchess.com"]
[Source "ChessBase"]
[SourceQuality "1"]
[TimeControl "900+10"]

1. e4 c6 2. d4 d5 3. Nc3 dxe4 4. Nxe4 Bf5 5. Qf3 e6 6. Ne2 Nd7 7. N2g3 Bg6 8. h4 Ngf6 9. c3 Nxe4 10. Nxe4 Bxe4 11. Qxe4 Nf6 12. Qf3 Qd5 13. Qxd5 cxd5 14. Bf4 a6 15. h5 h6 16. Bd3 Kd7 17. a4 Bd6 18. Be3 Rhe8 19. f3 e5 20. dxe5 Bxe5 21. Kd2 Rad8 22. Bb6 Bf4+ 23. Kc2 Rb8 24. Rad1 Kc6 25. Bf2 Nd7 26. Rh4 Bg5 27. Rb4 Be7 28. Rg4 Bf6 29. c4 Ne5 30. cxd5+ Kd6 31. Rb4 Nxd3 32. Kxd3 b5 33. axb5 Rxb5 34. Rxb5 axb5 35. b4 Kxd5 36. Rc1 Rb8 37. Rc7 Ke6 38. Ke4 Be7 39. Bc5 f5+ 40. Ke3 Bg5+ 41. f4 Bf6 42. Bd4 Re8 43. Bc5 Kd5+ 44. Kd3 Re4 45. g3 Re1 46. Rd7+ Kc6 47. Rd6+ Kc7 48. Rb6 Rd1+ 49. Kc2 Rh1 50. Rxb5 Rxh5 51. Ra5 Rh2+ 52. Kd3 Rg2 53. Kc4 Rxg3 54. b5 Rc3+ 55. Kb4 Rf3 56. Ra7+ Kc8 57. Bd6 Rd3 58. Bc5 Rf3 59. b6 Rxf4+ 60. Kb5 Be5 61. Kc6 Bb8 62. Ra8 1-0